 Dungeon Crawl Stone Soup version 0.28.0-45-g0d030f2227 (webtiles) character file.

Game seed: 11185922332148983040

387 zeratav the Insei (level 6, -2/42 HPs)
             Began as an Octopode Transmuter on Apr 10, 2022.
             Succumbed to a scorpion's poison
             ... on level 4 of the Dungeon.
             The game lasted 00:08:24 (4489 turns).

zeratav the Insei (Octopode Transmuter)             Turns: 4489, Time: 00:08:24

Health: -2/42      AC:  1    Str:  9    XL:     6   Next: 78%
Magic:  9/9        EV: 14    Int: 15    God:
Gold:   61         SH:  0    Dex: 15    Spells: 8/9 levels left

rFire   . . .      SeeInvis .   e - +1 spear (vorpal) {polearm}
rCold   . . .      Faith    .   (no shield)
rNeg    . . .      Spirit   .   (helmet restricted)
rPois   .          Reflect  .   (no amulet)
rElec   .          Harm     .   (no ring)
rCorr   .          Rampage  .   (no ring)
Will    .....                   (no ring)
Stlth   ++++......              (no ring)
HPRegen 0.14/turn               (no ring)
MPRegen 0.11/turn               (no ring)
                                (no ring)
                                (no ring)

@: lethally poisoned (-2 -> -17)
A: almost no armour, amphibious, 8 rings, camouflage 1, gelatinous body 1,
(nimble swimmer 1), tentacles
a: no special abilities


You were on level 4 of the Dungeon.
You visited 1 branch of the dungeon, and saw 4 of its levels.

You collected 61 gold pieces.


Innate Abilities, Weirdness & Mutations

You cannot wear most types of armour.
You are amphibious.
You can wear up to eight rings at the same time.
Your skin changes colour to match your surroundings (Stealth+).
Your rubbery body absorbs attacks. (AC +1, EV +1)
((You are camouflaged when in or above water. (Stealth+)))
You have tentacles for arms and can constrict up to eight enemies at once.


   Skills:
 + Level 3.0 Fighting
 + Level 3.5 Dodging
 + Level 4.0 Stealth
 * Level 5.1 Unarmed Combat
 - Level 2.0 Spellcasting
 - Level 2.0 Transmutations


You had 8 spell levels left.
You knew the following spells:

 Your Spells              Type           Power      Damage    Failure   Level
a - Beastly Appendage     Tmut           14%        N/A       10%         1

Your spell library contained the following spells:

 Spells                   Type           Power      Damage    Failure   Level
 Wereblood                Tmut           7%         N/A       14%         2
 Sandblast                Erth           2%         2d4       22%         1
 Passwall                 Tmut/Erth      3%         N/A       22%         2
 Spider Form              Tmut/Pois      4%         N/A       41%         3
 Gell's Gravitas          Tloc           1%         N/A       54%         3
 Stone Arrow              Conj/Erth      2%         3d7       54%         3
 Teleport Other           Tloc           1%         N/A       54%         3
 Ice Form                 Ice/Tmut       4%         N/A       82%         4
 Dispersal                Tloc           0%         N/A       100%        6

Inventory:

Hand Weapons
 e - a +1 vorpal spear (weapon) {polearm}
   (You took it off Robin on level 2 of the Dungeon)
Jewellery
 m - a ring of magical power
   (You found it on level 3 of the Dungeon)
Scrolls
 b - a scroll of immolation {unknown}
 h - a scroll of brand weapon {unknown}
 i - a scroll of acquirement {unknown}
 k - a scroll of fog {unknown}
 l - a scroll of enchant weapon {unknown}
 n - a scroll of fear {unknown}
 o - a scroll of amnesia {unknown}
 p - a scroll of enchant armour {unknown}
Potions
 a - a potion of heal wounds {unknown}
 c - a potion of might {unknown}
 d - 3 potions of haste {unknown}
 f - a potion of attraction {unknown}
 g - a potion of magic {unknown}
 j - 2 potions of lignification {unknown}

Dungeon Overview and Level Annotations

Branches:
Dungeon (4/15)
 Temple: D:4-7

Altars:
The Shining One

#........# #......# ##.
#.###..#.. ###...## ##
#.....## ..##.....## ###
##...## #.........## ##.#
##....#. ...........####...
##..#.##.##.#.....)..'......
#..####...####.......####...
#.##(...?ls.?##.....## ##.#
#..#### #@##.....## #.#.
##..#.## ##.#.....##### ##.#
##....# #....#.......# #.#
#.#.## ##..##..####.# #.#
#.#..###...##..####.# #.#
###.##..#...........#.# #.#
#.........#.###...#.#.####.#
#.#.).)......#..........##.#
# #####)###.###...#.###.##.#


You could see a scorpion and an iguana.


Message History

Things that are here:
a +0 mace {mace}; a +0 leather armour; an orc corpse
Items here: ))) [ †.
j - 2 metallic emerald potions (gained 1)
You open the door.
A scorpion and a hound come into view.
One of your tentacles grows a vicious spike.
MP[-1]
You lost 1 mp, and now have 8/9 mp.
There is an open door here.
You reach to attack!
The helpless hound fails to defend itself.
You hit the hound.
Your transformation is almost over.
The hound bites you but does no damage.
You hit the hound. Your grab misses the hound. Your squeeze misses the hound.
You hear an angry hiss.
The hound bites you.
An iguana comes into view.
HP[-2]
You take 2 damage, and now have 39/41 hp.
You hit the hound but do no damage. Your grab misses the hound.
You pierce the hound, but do no damage.
The hound misses you.
The hound pauses to sniff the ground.
The hound closely misses you.
You closely miss the hound. Your grab misses the hound.
The hound barely misses you. The hound misses you.
HP[+1]
You barely miss the hound. You grab the hound.
You pierce the hound, but do no damage.
You squeeze the hound. You constrict the hound. The hound barely misses you.
You hit the hound.
You pierce the hound.
You constrict the hound, but do no damage.
The hound misses you.
The hound pauses to sniff the ground.
The hound bites you.
HP[-5] MP[+1]
You take 5 damage, and now have 35/41 hp.
Your mp is fully restored (9).
You hit the hound.
You kill the hound!
Your Fighting skill increases to level 3!
Your Stealth skill increases to level 4!
HP[+1]
You now have 42 max hp (+1).
You hit the scorpion but do no damage. Your grab misses the scorpion.
Your tentacle spike misses the scorpion.
The scorpion barely misses you. The scorpion misses you.
You hit the scorpion but do no damage. Your grab misses the scorpion.
Your tentacle spike disappears.
The scorpion stings you.
You hit the scorpion but do no damage. Your grab misses the scorpion.
The scorpion stings you.
You completely miss the scorpion. Your grab misses the scorpion.
You squeeze the scorpion, but do no damage.
The scorpion stings you.
You are poisoned.
The scorpion poisons you! The scorpion stings you!
* * * LOW HITPOINT WARNING * * *
HP[-17]
You take 17 damage, and now have 19/42 hp.
MASSIVE DAMAGE!! (PAUSE)
You are too injured to fight recklessly!
You are too injured to fight recklessly!
You are too injured to fight recklessly!
You are too injured to fight recklessly!
You are too injured to fight recklessly!
You are too injured to fight recklessly!
You are too injured to fight recklessly!
You are too injured to fight recklessly!
You are too injured to fight recklessly!
You are too injured to fight recklessly!
You are too injured to fight recklessly!
You are too injured to fight recklessly!
You are too injured to fight recklessly!
You are too injured to fight recklessly!
You hit the scorpion but do no damage. You grab the scorpion.
You constrict the scorpion, but do no damage.
You feel very sick. The scorpion stings you.
* * * LOW HITPOINT WARNING * * *
You are lethally poisoned!
The scorpion poisons you!
HP[-7]
You take 7 damage, and now have 12/42 hp.
You hit the scorpion.
You constrict the scorpion, but do no damage.
* * * LOW HITPOINT WARNING * * *
You feel very sick. The scorpion closely misses you.
HP[-6]
You take 6 damage, and now have 6/42 hp.
You barely miss the scorpion. You constrict the scorpion.
* * * LOW HITPOINT WARNING * * *
You feel very sick. The scorpion closely misses you.
The scorpion barely misses you.
HP[-5]
You take 5 damage, and now have 1/42 hp.
You hit the scorpion. You constrict the scorpion.
You die...

Skill      XL: |  1  2  3  4  5  6 |
---------------+-------------------+-----
Stealth        | 1 2 3 4 |  4.0
Fighting       | 2 3 |  3.0
Dodging        | 3 |  3.5
Unarmed Combat | 4 5 |  5.1
Spellcasting   | |  2.0
Transmutations | |  2.0

Action                   |  1- 3 |  4- 6 || total
-------------------------+-------+-------++-------
Melee: Unarmed           |    69 |       ||    69
       Constrict         |    22 |    17 ||    39
       Tentacles         |    12 |    15 ||    27
       Kick              |     9 |    22 ||    31
       Spear             |     7 |    83 ||    90
       Punch             |     2 |     6 ||     8
 Cast: Beastly Appendage |    20 |    21 ||    41
 Stab: Sleeping          |     4 |    10 ||    14
Armor: Skin              |     5 |     8 ||    13
Dodge: Dodged            |    52 |    40 ||    92

Levels and vault maps discovered:
D:1:      dpeg_arrival_rooms_c, layout_basic, nicolae_ecumenical_snake_handling
D:2:      layout_loops_ring, hangedman_abyss_or_decor_stabs, uniq_robin,
          uniq_sigmund
D:3:      layout_loops_corners, tso_oasis_becter
D:4:      layout_loops_corners, mainiacjoe_overflow_paths,
          minmay_fractal_squares_gapless_5

Notes
Turn   | Place    | Note
-------+----------+-------------------------------------------
     0 | D:1      | zeratav the Octopode Transmuter began the quest for the
                  | Orb.
     0 | D:1      | Reached XP level 1. HP: 13/13 MP: 3/3
     0 | D:1      | magus.rc [v1.9.6]
   403 | D:1      | Reached XP level 2. HP: 16/18 MP: 5/5
   455 | D:1      | You add the spells Gell's Gravitas, Teleport Other and
                  | Dispersal to your library.
   569 | D:1      | Reached skill level 1 in Stealth
   717 | D:1      | Found a faded altar of an unknown god.
   838 | D:1      | HP: 1/18 [frozen (5)]
  1390 | D:2      | Noticed Sigmund
  1445 | D:2      | Reached XP level 3. HP: 15/23 MP: 4/6
  1839 | D:2      | Noticed Robin
  1866 | D:2      | HP: 5/23 [Robin/+1 vorpal spear (4)]
  2134 | D:2      | HP: 5/23 [Robin/+1 vorpal spear (5)]
  2137 | D:2      | Killed Robin
  2138 | D:2      | Reached skill level 2 in Stealth
  2386 | D:1      | magus.rc [v1.9.6]
  2386 | D:1      | magus.rc [v1.9.6]
  2453 | D:2      | Reached XP level 4. HP: 27/29 MP: 7/7
  2456 | D:2      | HP: 7/29 [Sigmund/+0 scythe (10)]
  2461 | D:2      | Killed Sigmund
  2462 | D:2      | Reached skill level 2 in Fighting
  2462 | D:2      | Reached skill level 3 in Dodging
  2462 | D:2      | Reached skill level 3 in Stealth
  2462 | D:2      | Reached skill level 4 in Unarmed Combat
  2462 | D:2      | Reached XP level 5. HP: 9/35 MP: 8/8
  3245 | D:3      | Reached XP level 6. HP: 41/41 MP: 7/9
  3334 | D:3      | You pick up a book of Geomancy and begin reading...
  3334 | D:3      | You add the spells Sandblast, Passwall and Stone Arrow to
                  | your library.
  3641 | D:3      | Found a glowing golden altar of the Shining One.
  4100 | D:4      | Reached skill level 5 in Unarmed Combat
  4482 | D:4      | Reached skill level 3 in Fighting
  4482 | D:4      | Reached skill level 4 in Stealth
  4487 | D:4      | HP: 6/42 [poisoned by a scorpion]
  4488 | D:4      | HP: 1/42 [poisoned by a scorpion]
  4489 | D:4      | Succumbed to a scorpion's poison

Vanquished Creatures
  Sigmund (D:2)
  A centaur skeleton (D:3)
  3 hounds
  An orc wizard (D:4)
  Robin (D:2)
  2 adders
  A worm (D:3)
  A dart slug (D:3)
  4 orcs (D:4)
  2 endoplasms
  5 giant cockroaches
  10 hobgoblins
  2 kobolds
  4 quokkas
  9 ball pythons
  5 bats
  3 frilled lizards
  10 goblins
  2 rats
67 creatures vanquished.

Table legend:
 A = Non-vault XP
 B = Vault XP
 C = Vault XP percentage of total XP
 D = Non-vault monster count
 E = Vault monster count
 F = Vault count percentage of total count
                 A         B        C        D         E       F
            +---------+---------+-------+---------+---------+-------
      Total |     269 |     285 |  51.4 |      52 |      15 |  22.4
            +---------+---------+-------+---------+---------+-------
        D:1 |      27 |       3 |  10.0 |      17 |       2 |  10.5
        D:2 |      38 |     240 |  86.3 |      15 |      12 |  44.4
        D:3 |     114 |       0 |   0.0 |      12 |       0 |   0.0
        D:4 |      90 |      42 |  31.8 |       8 |       1 |  11.1
            +---------+---------+-------+---------+---------+-------

Illustrated notes

Table legend:
 A = Kills in this place as a percentage of kills in entire the game.
 B = Kills by you in this place as a percentage of kills by you in the entire game.
 C = Kills by friends in this place as a percentage of kills by friends in the entire game.
 D = Other kills in this place as a percentage of other kills in the entire game.
 E = Experience gained in this place as a percentage of experience gained in the entire game.
 F = Experience gained in this place divided by the number of levels of this place that you have seen.
                   A       B       C       D       E      F
               +-------+-------+-------+-------+-------+----------------------
         Total | 100.0 | 100.0 |   N/A |   N/A | 100.0 | 138.5
       Dungeon | 100.0 | 100.0 |   N/A |   N/A | 100.0 | 138.5
               +-------+-------+-------+-------+-------+----------------------

Table legend: (Time is in decaauts)
 A = Elapsed time spent in this place.
 B = Non-inter-level travel time spent in this place.
 C = Inter-level travel time spent in this place.
 D = Time resting spent in this place.
 E = Time spent auto-exploring this place.
 F = Levels seen in this place.
 G = Mean time per level.
                   A        B        C        D        E       F      G
               +--------+--------+--------+--------+--------+-----+--------+
         Total |   4495 |   4418 |     77 |    952 |   2925 |   4 | 1123.8 |
       Dungeon |   4495 |   4418 |     77 |    952 |   2925 |   4 | 1123.8 |
               +--------+--------+--------+--------+--------+-----+--------+

Top non-repeatable levels by time:
     D:1: 1854 daAuts
     D:2: 1274 daAuts
     D:3: 968 daAuts
     D:4: 397 daAuts
